AoeStats
← Rana1625

Arena

508208537Analyzed
4v4 RM · 10d ago on Sep 21, 2026· 68m 45s· 8 players
Game mode
Random Map
Map size
Large (8 player)
Population
200
Speed
Normal
Resources
Standard
Victory
Conquest
Starting age
Dark Age
Ending age
Imperial Age
RankedLock teamsTeams togetherTeam positionsShared explorationLock speedFull tech treeHidden civsTurbo modeCheats
Victory
Defeat
🇪🇸 Bohemians · Spain
988
+14
🇱🇹 Wei · Lithuania
982
+14
🇩🇪 Teutons · Germany
969
+15
🇦🇷 Vietnamese · Argentina
895
+18
🇨🇳 Poles · China
968
-16
🇺🇸 Goths · United States
954
-16
🇨🇳 Bohemians · China
929
-15
🇨🇳 Franks · China
918
-14
圣灯
0:35 Loom
仰枫
10:22 Feudal Age
15:36 Castle Age
14:28 Double-Bit Axe
14:47 Horse Collar
24:38 Scale Mail Armor
24:48 Forging
26:11 Fervor
26:06 Fletching
26:16 Padded Archer Armor
28:03 Leather Archer Armor
27:44 Bodkin Arrow
32:07 Wheelbarrow
34:17 Imperial Age
31:43 Town Watch
31:47 Loom
32:33 Wagenburg Tactics
32:33 Bodkin Arrow
33:34 Ballistics
34:16 Chemistry
35:55 Conscription
37:55 Ring Archer Armor
37:26 Bracer
37:40 Siege Engineers
40:23 Fortified Wall
41:28 Heavy Scorpion
43:13 Coinage
50:11 Town Patrol
50:27 Hand Cart
50:33 Hand Cart
51:24 Conscription
51:55 Chain Mail Armor
52:15 Iron Casting
51:50 Squires
51:36 Arson
51:59 Pikeman
54:15 Banking
54:04 Halberdier
56:10 Plate Mail Armor
56:41 Blast Furnace
58:16 Caravan
BuDrakexn
1:52 Loom
11:01 Feudal Age
12:24 Double-Bit Axe
18:55 Castle Age
17:03 Stone Mining
17:05 Gold Mining
19:37 Scale Mail Armor
20:36 Pikeman
24:21 Bow Saw
24:31 Forging
31:35 Imperial Age
31:05 Wheelbarrow
31:37 Iron Casting
31:22 Chain Mail Armor
31:55 Halberdier
32:46 Horse Collar
35:09 Squires
35:04 Man-at-Arms
37:17 Blast Furnace
36:36 Anarchy
36:57 Heavy Plow
37:59 Two-Man Saw
37:52 Perfusion
37:38 Elite Huskarl
39:38 Conscription
39:54 Halberdier
41:38 Fletching
44:39 Hand Cart
45:55 Crop Rotation
48:22 Bodkin Arrow
52:59 Murder Holes
Fischer fischt Fisch
10:43 Feudal Age
16:11 Castle Age
19:38 Double-Bit Axe
21:10 Szlachta Privileges
25:31 Scale Barding Armor
25:37 Forging
29:48 Horse Collar
35:14 Imperial Age
33:26 Husbandry
33:36 Bloodlines
35:13 Wheelbarrow
34:55 Light Cavalry
35:20 Cavalier
37:17 Chain Barding Armor
37:44 Conscription
38:01 Bow Saw
38:54 Iron Casting
39:00 Hand Cart
44:09 Heavy Plow
45:29 Blast Furnace
44:02 Winged Hussar
55:36 Lechitic Legacy
58:15 Crop Rotation
62:27 Loom
Sophia
0:30 Loom
12:43 Feudal Age
13:16 Double-Bit Axe
13:16 Horse Collar
13:32 Gold Mining
16:28 Stone Mining
17:57 Town Watch
21:17 Castle Age
21:45 Forging
21:35 Scale Mail Armor
22:45 Wheelbarrow
22:25 Heavy Plow
24:52 Pikeman
26:59 Squires
29:33 Bow Saw
31:24 Hand Cart
31:49 Gold Shaft Mining
33:50 Stone Shaft Mining
33:42 Ballistics
33:18 Murder Holes
33:27 Husbandry
34:35 Town Patrol
35:53 Iron Casting
35:09 Fletching
39:30 Imperial Age
36:50 Arson
37:23 Chain Mail Armor
37:59 Tuntian
38:06 Scale Barding Armor
37:57 Bodkin Arrow
39:17 Bloodlines
39:33 Chain Barding Armor
39:45 Halberdier
39:48 Heavy Hei Guang Cavalry
40:50 Conscription
40:56 Ming Guang Armor
41:36 Blast Furnace
42:48 Chemistry
41:59 Masonry
46:37 Bracer
46:38 Padded Archer Armor
47:07 Parthian Tactics
46:48 Thumb Ring
46:39 Onager
60:07 Caravan
60:20 Light Cavalry
62:21 Hoardings
63:46 Hussar
65:55 Elite Tiger Cavalry
Sipsip
11:49 Feudal Age
10:05 Loom
16:53 Castle Age
14:39 Loom
16:15 Double-Bit Axe
17:54 Bow Saw
22:15 Wheelbarrow
21:25 Town Watch
27:21 Hand Cart
27:06 Town Patrol
31:57 Imperial Age
31:31 Ballistics
33:56 Chemistry
35:22 Pikeman
39:28 Halberdier
40:26 Forging
40:16 Scale Mail Armor
40:23 Scale Barding Armor
45:34 Iron Casting
45:14 Chain Mail Armor
45:56 Fletching
46:54 Elite Teutonic Knight
49:45 Two-Man Saw
52:43 Cavalier
54:18 Squires
54:05 Arson
55:25 Blast Furnace
54:56 Plate Mail Armor
Ace
4:36 Loom
11:22 Feudal Age
15:43 Castle Age
14:51 Double-Bit Axe
14:54 Horse Collar
23:15 Bow Saw
25:28 Wheelbarrow
26:25 Heavy Plow
31:09 Imperial Age
29:43 Hand Cart
29:57 Pikeman
30:38 Squires
32:10 Chemistry
32:22 Forging
32:12 Scale Mail Armor
33:17 Two-Man Saw
32:08 Arson
32:59 Conscription
33:12 Ballistics
33:55 Halberdier
36:30 Chain Mail Armor
36:50 Iron Casting
41:37 Elite Hussite Wagon
49:05 Houfnice
58:36 Blast Furnace
58:06 Plate Mail Armor
Rana1625
3:37 Loom
12:48 Feudal Age
13:19 Double-Bit Axe
13:17 Horse Collar
20:40 Castle Age
20:20 Wheelbarrow
19:33 Town Watch
19:54 Stone Mining
20:24 Gold Mining
20:49 Arson
21:39 Heavy Plow
22:49 Bow Saw
23:25 Squires
24:04 Scale Mail Armor
25:29 Padded Archer Armor
27:55 Chatras
28:29 Hand Cart
28:17 Town Patrol
28:40 Fletching
30:16 Chain Mail Armor
30:17 Forging
31:35 Leather Archer Armor
33:41 Husbandry
36:51 Imperial Age
35:16 Bloodlines
36:06 Ballistics
35:45 Murder Holes
35:33 Treadmill Crane
36:35 Iron Casting
37:35 Scale Barding Armor
38:35 Chemistry
39:08 Crop Rotation
40:01 Elite Battle Elephant
42:19 Chain Barding Armor
43:27 Elite Fire Lancer
45:19 Elite Rattan Archer
49:18 Plate Barding Armor
48:39 Bodkin Arrow
49:14 Ring Archer Armor
49:16 Plate Mail Armor
50:57 Paper Money
59:30 Pikeman
Connection lost

Rejoining the realm…

Still unreachable

The connection could not be restored.

Session expired

The server has moved on; the page needs a fresh start.